 Dungeon Crawl Stone Soup version 0.31-a0-574-g69dc8cc98e (webtiles) character file.

Game seed: 8624171939753326997

2049 Shayle the Trooper (level 9, -1/141 HPs)
             Began as an Ogre Shapeshifter on Aug 18, 2023.
             Was an Initiate of Kikubaaqudgha.
             Succumbed to a hornet's poison
             ... on level 7 of the Dungeon.
             The game lasted 00:21:53 (7238 turns).

Shayle the Trooper (Ogre Shapeshifter)              Turns: 7238, Time: 00:22:23

Health: -1/141     AC: 24    Str: 21    XL:     9   Next: 25%
Magic:  8/18       EV:  1    Int: 13    God:    Kikubaaqudgha [......]
Gold:   415        SH:  0    Dex:  9    Spells: 17/20 levels left

rFire   . .          .
                       - Unarmed
rCold   . . .        (no shield)
rNeg    . . .        b - melded +2 robe {rC+}
rPois   +            (helmet currently unavailable)
rElec   .            (cloak currently unavailable)
rCorr   .            (gloves unavailable)
SInv    .            (boots unavailable)
Will    .....        (no amulet)
Stlth   +            (no ring)
HPRegen 0.43/turn    (no ring)
MPRegen 0.16/turn

%: no passive effects
@: lethally poisoned (-1 -> -20), tree-form, very slightly contaminated, slowed,
studying Dodging, very slow
A: stationary, stasis, torment immunity, boosted hp, large, unfitting armour,
(tough skin 1)
a: Renounce Religion


You were on level 7 of the Dungeon.
You worshipped Kikubaaqudgha.
Kikubaaqudgha was noncommittal.
You were a tree.
You visited 2 branches of the dungeon, and saw 8 of its levels.

You collected 415 gold pieces.

Inventory:

Hand Weapons
 e - a +0 giant spiked club
 s - a +2 hand axe of distortion
Missiles
 j - a throwing net
 o - 3 large rocks
Armour
 b - a +2 robe of cold resistance (melded)
 y - a +0 tower shield
Jewellery
 i - a ring of flight
 r - a ring of ice
Talismans
 c - a beast talisman
 d - a flux talisman
 p - a maw talisman
Wands
 v - a wand of quicksilver (6)
 z - a wand of polymorph (5)
Scrolls
 a - 2 scrolls of amnesia
 g - a scroll of revelation
 m - a scroll of vulnerability
 w - 2 scrolls of blinking {unknown}
 x - 2 scrolls of identify
Potions
 h - 3 potions of brilliance
 l - a potion of resistance {unknown}
 n - 3 potions of ambrosia {unknown}
 q - a potion of degeneration {unknown}
 t - a potion of invisibility {unknown}


   Skills:
 + Level 7.7 Fighting
 + Level 5.6 Dodging
 + Level 1.3 Shields
 + Level 5.9 Unarmed Combat
 + Level 6.1 Spellcasting
 + Level 1.2 Necromancy
 + Level 3.4 Ice Magic
 - Level 3.0 Shapeshifting


You had 17 spell levels left.
You knew the following spells:

 Your Spells              Type           Power      Damage    Failure   Level
a - Frozen Ramparts       Ice            24%        1d4       12%         3

Your spell library contained the following spells:

 Spells                   Type           Power      Damage    Failure   Level
 Freeze                   Ice            48%        1d6       4%          1
 Ensorcelled Hibernation  Hex/Ice        16%        N/A       12%         2
 Cigotuvi's Dreadful Rot  Necr/Pois/Air  10%        N/A       22%         2
 Hailstorm                Conj/Ice       8%         3d4       24%         3
 Dispel Undead            Necr           7%         3d8       69%         4
 Anguish                  Hex/Necr       2%         N/A       78%         4
 Death Channel            Necr           3%         N/A       100%        6


Dungeon Overview and Level Annotations

Branches:
Dungeon (7/15)             Temple (1/1) D:6

Altars:
Cheibriados
Dithmenos
Elyvilon
Fedhas
Hepliaklqana
Kikubaaqudgha
Makhleb
Okawaru
Qazlal
Ru
Sif Muna
Uskayaw
Wu Jian
Xom
Yredelemnul
Zin

Annotations:
D:2 1 runed translucent door, Crazy Yiuf
D:3 2 transporters, dxb338's ghost, weakling FeSh


Innate Abilities, Weirdness & Mutations

You are a tree.
Your roots penetrate the ground, keeping you stationary.
You cannot be teleported.
You are immune to unholy pain and torment.
Your maximum health is greatly increased.
Your equipment is partially melded.
You are too large for most types of armour.
((You have tough skin. (AC +1)))


Message History

The hornet stings you!
* * * LOW HITPOINT WARNING * * *
You are more poisoned.
You shrug off the repeated paralysis!
You hit the hornet.
The hornet is lightly wounded.
You feel yourself speed up.
You feel very sick.
The wall freezes the hornet but does no damage.
The hornet stings you.
* * * LOW HITPOINT WARNING * * *
You feel yourself slow down.
The wall freezes the hornet.
The hornet stings you!
* * * LOW HITPOINT WARNING * * *
You are more poisoned.
You feel as though you will be slow longer.
You feel much better.
You feel extremely sick.
The wall freezes the hornet.
The hornet closely misses you.
The wall freezes the hornet.
The hornet stings you!
* * * LOW HITPOINT WARNING * * *
You are lethally poisoned!
You feel as though you will be slow longer.
You punch the hornet!
The hornet is heavily wounded.
* * * LOW HITPOINT WARNING * * *
You feel extremely sick.
The wall freezes the hornet but does no damage.
The hornet closely misses you.
The wall freezes the hornet.
The hornet stings you!
* * * LOW HITPOINT WARNING * * *
You suddenly lose the ability to move!
You can move again.
Your transformation has ended.
You turn into a tree.
Your +2 robe of cold resistance melds into your body.
You feel less resistant to cold.
Your roots penetrate the ground.
The frozen ramparts melt away.
You die...
Kikubaaqudgha rasps: "You have failed me!
Welcome... death!"

# #. ### .# #. #..
...# #. #####.##..
# ........# ##
#.##.##.# #.
#.#..##.######.
#####..#...........
#.♣.#.###.#.######>
.......#y.## ##..#
#..
######...#######.#
#.. ####.......##
#.. ...#####.# #..
.# #.######.. .#
#......... .#
#.#..#...#
#.........


You could see a hornet.

Vanquished Creatures
  Grinder (D:6)
  Sigmund (D:2)
  Edmund (D:5)
  A sky beast (D:7)
  2 ogres
  A phantom (D:4)
  A bullfrog (D:6)
  2 scorpions (D:5)
  3 wights
  6 killer bees (D:7)
  A bullfrog zombie (D:4)
  3 hounds
  An orc priest (D:6)
  2 scorpion zombies (D:4)
  2 sleepcaps (D:6)
  3 iguanas
  A howler monkey zombie (D:4)
  14 gnolls
  7 adders
  3 white imps
  3 worms
  4 dart slugs
  4 orcs (D:6)
  7 ball pythons
  2 endoplasms
  3 giant cockroaches
  8 hobgoblins
  A quokka (D:2)
  6 bats
  3 frilled lizards (D:1)
  4 goblins
  6 kobolds
  4 rats
111 creatures vanquished.

Notes
Turn   | Place    | Note
-------+----------+-------------------------------------------
     0 | D:1      | Shayle the Ogre Shapeshifter began the quest for the Orb.
     0 | D:1      | Reached XP level 1. HP: 19/19 MP: 1/1
    59 | D:1      | Reached XP level 2. HP: 18/28 MP: 1/3
   118 | D:1      | Reached skill level 2 in Fighting
   188 | D:1      | Reached skill level 1 in Spellcasting
   312 | D:1      | Found a faded altar of an unknown god.
   360 | D:1      | Reached XP level 3. HP: 22/36 MP: 4/4
   737 | D:2      | Found a runed translucent door.
   738 | D:2      | Noticed Crazy Yiuf
   775 | D:2      | Noticed Sigmund
   786 | D:2      | Killed Sigmund
   787 | D:2      | Reached skill level 4 in Fighting
   787 | D:2      | Reached XP level 4. HP: 48/48 MP: 5/8
   787 | D:2      | Reached XP level 5. HP: 54/54 MP: 5/9
  1605 | D:3      | Reached XP level 6. HP: 42/63 MP: 10/10
  1701 | D:3      | Found a transporter.
  1930 | D:3      | Found a transporter.
  1933 | D:3      | Noticed dxb338's ghost (weakling FeSh)
  2335 | D:4      | Found a basalt altar of Yredelemnul.
  2349 | D:4      | Reached skill level 5 in Fighting
  2358 | D:4      | Identified the orb of Peskal {mayhem, rElec rC- Int+4}
  2594 | D:4      | Found a shadowy altar of Dithmenos.
  2883 | D:4      | Reached XP level 7. HP: 58/72 MP: 13/13
  2902 | D:4      | Learned a level 3 spell: Frozen Ramparts
  3685 | D:5      | Entered Level 5 of the Dungeon
  3905 | D:4      | Reached skill level 1 in Ice Magic
  4267 | D:4      | Reached skill level 6 in Fighting
  4706 | D:5      | Found a shimmering altar of Xom.
  4764 | D:5      | Reached skill level 5 in Unarmed Combat
  4764 | D:5      | Reached XP level 8. HP: 73/83 MP: 15/15
  4886 | D:5      | Reached skill level 5 in Spellcasting
  5021 | D:5      | Noticed Edmund
  5032 | D:5      | Killed Edmund
  5891 | D:6      | Found a staircase to the Ecumenical Temple.
  5904 | Temple   | Entered the Ecumenical Temple
  5913 | Temple   | Became a worshipper of Kikubaaqudgha
  6051 | D:6      | Noticed Grinder
  6080 | D:6      | Killed Grinder
  6081 | D:6      | Reached skill level 7 in Fighting
  6191 | D:6      | Reached skill level 5 in Dodging
  6589 | D:6      | Found a glowing silver altar of Zin.
  6591 | D:6      | Found a blossoming altar of Fedhas.
  6592 | D:6      | Found a sacrificial altar of Ru.
  6925 | D:7      | Reached XP level 9. HP: 39/93 MP: 11/17
  6935 | D:7      | Reached skill level 1 in Shields
  6936 | D:7      | Reached skill level 1 in Necromancy
  7222 | D:7      | Noticed a hornet
  7226 | D:7      | Paralysed by a hornet for 2 turns
  7233 | D:7      | Paralysed by a hornet for 1 turns
  7237 | D:7      | HP: 3/94 [hornet (7)]
  7237 | D:7      | Paralysed by a hornet for 1 turns
  7238 | D:7      | Succumbed to a hornet's poison

Illustrated notes

Levels and vault maps discovered:
D:1:      giann_bridges, layout_rooms,
          dreamdust_ecumenical_altar_hidden_monk_grotto, minmay_surrounded
D:2:      layout_basic, uniq_crazy_yiuf_cottage, uniq_sigmund
D:3:      layout_rooms, gammafunk_ghost_mausoleum
D:4:      layout_loops_ring, mainiacjoe_overflow_tiny_flanked,
          nicolae_yredelemnul_corpse_copse, serial_bayou, serial_bayou_pond_d,
          serial_bayou_pond_c, serial_bayou_shore_b, serial_bayou_lake_a,
          serial_bayou_ford_a, serial_bayou_pond_e
D:5:      layout_gridville, general_overflow_altar, uniq_edmund
D:6:      layout_cave_pods, minitemple, minmay_temple_entry_statues_fountains,
          hex_large, dk_noncrumbling_2, nicolae_underground_beach, uniq_grinder
D:7:      layout_loops_cross, mainiacjoe_overflow_boulevard,
          hangedman_decor_lopped, kennysheep_decorative_pillar,
          kennysheep_cluttered_room, minmay_misc_feat_iff
Temple:   hellmonk_temple_flake

Skill      XL: |  1  2  3  4  5  6  7  8  9 |
---------------+----------------------------+-----
Fighting       | 2 4 5 6 7 |  7.7
Spellcasting   | 1 3 4 5 6 |  6.1
Unarmed Combat | 3 4 5 |  5.9
Dodging        | 3 5 |  5.6
Ice Magic      | 1 3 |  3.4
Shields        | 1 |  1.3
Necromancy     | 1 |  1.2
Shapeshifting  | |  3.0

Action                     |  1- 3 |  4- 6 |  7- 9 || total
---------------------------+-------+-------+-------++-------
  Melee: Unarmed           |    87 |   166 |   238 ||   491
         Punch             |     1 |     7 |     5 ||    13
   Cast: Frozen Ramparts   |       |       |     9 ||     9
  Evoke: Wand              |       |       |     6 ||     6
    Use: Potion            |     1 |       |     7 ||     8
         Scroll            |       |     7 |     4 ||    11
   Stab: Sleeping          |       |       |     1 ||     1
 Armour: Animal skin       |    31 |       |       ||    31
         Skin              |     2 |       |       ||     2
         Robe              |       |    47 |    57 ||   104
  Dodge: Dodged            |    49 |    62 |   136 ||   247

Table legend: (Time is in decaauts)
 A = Elapsed time spent in this place.
 B = Non-inter-level travel time spent in this place.
 C = Inter-level travel time spent in this place.
 D = Time resting spent in this place.
 E = Time spent auto-exploring this place.
 F = Levels seen in this place.
 G = Mean time per level.
                   A        B        C        D        E       F      G
               +--------+--------+--------+--------+--------+-----+--------+
         Total |   7205 |   7020 |    185 |   1288 |   4227 |   8 |  900.6 |
       Dungeon |   7186 |   7001 |    185 |   1288 |   4227 |   7 | 1026.6 |
        Temple |     18 |     18 |      0 |      0 |      0 |   1 |   18.0 |
               +--------+--------+--------+--------+--------+-----+--------+

Top non-repeatable levels by time:
     D:4: 1965 daAuts
     D:6: 1305 daAuts
     D:5: 1283 daAuts
     D:2: 953 daAuts
     D:3: 691 daAuts
     D:1: 623 daAuts
     D:7: 363 daAuts
  Temple: 18 daAuts
